 Dungeon Crawl Stone Soup version 0.22-a0-283-g1871b15 (webtiles) character file.

45 nikopol the Firebug (level 3, -6/19 HPs)
             Began as a Deep Elf Fire Elementalist on Mar 19, 2018.
             Killed by divine providence
             ... invoked by an orc priest
              (12 damage)
             ... on level 3 of the Dungeon.
             The game lasted 00:04:16 (1063 turns).

nikopol the Firebug (Deep Elf Fire Elementalist)    Turns: 1063, Time: 00:04:16

Health: -6/19      AC:  3    Str:  5    XL:     3   Next: 42%
Magic:  4/10       EV: 13    Int: 20    God:
Gold:   88         SH:  0    Dex: 15    Spells: 3/9 levels left

rFire    . . .     SeeInvis .   b - +0 dagger
rCold    . . .     Gourm    .   (no shield)
rNeg     . . .     Faith    .   a - +0 robe
rPois    .         Spirit   .   (no helmet)
rElec    .         Reflect  .   (no cloak)
rCorr    .         Harm     .   e - +0 pair of gloves
MR       .....                  (no boots)
Stlth    ++........             (no amulet)
HPRegen  0.06/turn              (no ring)
MPRegen  0.12/turn              (no ring)

@: no status effects
A: no striking features
a: no special abilities


You were on level 3 of the Dungeon.
You were not hungry.

You visited 1 branch of the dungeon, and saw 4 of its levels.

You collected 88 gold pieces.

Inventory:

Hand Weapons
 b - a +0 dagger (weapon)
Armour
 a - a +0 robe (worn)
 e - a +0 pair of gloves (worn)
Scrolls
 d - a scroll of enchant weapon {unknown}
 h - a scroll of magic mapping {unknown}
Potions
 f - a potion of agility {unknown}
 g - a potion of flight {unknown}
 i - a potion of magic {unknown}
 j - a potion of brilliance {unknown}
Comestibles
 c - 2 rations
 k - 2 chunks of flesh


   Skills:
 + Level 3.0 Dodging
 + Level 2.8 Stealth
 + Level 3.6 Spellcasting
 + Level 1.1 Conjurations
 + Level 4.1 Fire Magic


You had 3 spell levels left.
You knew the following spells:

 Your Spells              Type           Power        Failure   Level  Hunger
a - Flame Tongue          Conj/Fire      ##...        4%          1    None
b - Throw Flame           Conj/Fire      ##....       7%          2    ##.....
c - Conjure Flame         Conj/Fire      ##......     14%         3    ###....


Dungeon Overview and Level Annotations

Branches:
Dungeon (4/15)
 Temple: D:4-7

Altars:
Makhleb


Message History

Aim: an orc priest The flame tongue misses the orc priest.
Casting: Flame Tongue (safe; 4% risk of failure)
Confirm with . or Enter, or press ? or * to list all spells.
Aiming: Flame Tongue (safe; 4% risk of failure)
Press: ? - help, Shift-Dir - straight line, f/p - orc priest
Aim: an orc priest The flame tongue hits the orc priest.
The orc priest is heavily wounded.
Casting: Flame Tongue (safe; 4% risk of failure)
Confirm with . or Enter, or press ? or * to list all spells.
Aiming: Flame Tongue (safe; 4% risk of failure)
Press: ? - help, Shift-Dir - straight line, f/p - orc priest
Aim: an orc priest (heavily wounded)
The flame tongue hits the orc priest.
The orc priest is severely wounded.
The orc priest calls down the wrath of Beogh upon you.
Beogh smites you!
Ouch! That really hurt!
You die...

##.#..# ...s
#.....#.....
#........_.. ####
#..#.#
..##.##..#.#
#.##.......# #
#.#####..#.####...
#.# #.o.s.o.o...
#@# #.######....
#.# #># ... #o#
#.# .. #.#####.# .
#.......#
#########


You could see an orc priest.

Vanquished Creatures
  2 gnolls (D:2)
  An orc (D:3)
  6 bats
  A giant cockroach (D:3)
  4 goblins (D:1)
  2 hobgoblins (D:1)
  2 kobolds (D:1)
  A ball python (D:2)
  2 frilled lizards
  3 rats (D:1)
24 creatures vanquished.

Notes
Turn   | Place    | Note
-------+----------+-------------------------------------------
     0 | D:1      | nikopol the Deep Elf Fire Elementalist began the quest for the Orb.
     0 | D:1      | Reached XP level 1. HP: 10/10 MP: 6/6
   403 | D:1      | Reached XP level 2. HP: 15/15 MP: 5/8
   803 | D:2      | Reached skill level 4 in Fire Magic
   803 | D:2      | Reached XP level 3. HP: 19/19 MP: 6/10
   818 | D:1      | Learned a level 2 spell: Throw Flame
   822 | D:1      | Learned a level 3 spell: Conjure Flame
   966 | D:2      | You fall through a shaft for 2 floors!
  1027 | D:3      | Found a burning altar of Makhleb.
  1063 | D:3      | Killed from afar by an orc priest

Vault maps used:
D:1:      dpeg_arrival_rooms_c
D:2:      first_ration, chequers_ecumenical_altar_simple,
          corexii_leaking_fountain, uniq_sigmund, uniq_natasha
D:3:      nicolae_ashenzari_panopticon, nicolae_overflow_crystal_walls
D:4:      kennysheep_goblin_castle, nicolae_ru_the_path_less_chosen,
          minmay_temple_entry_fiery, hex_large

Skill      XL: |  1  2  3 |
---------------+----------+-----
Fire Magic     | 4 |  4.1
Dodging        | 3 |  3.0
Stealth        | |  2.8
Spellcasting   | |  3.6
Conjurations   | |  1.1

Action                   || total
-------------------------++-------
Melee: Dagger            ||     3
 Cast: Flame Tongue      ||    49
Armor: Robe              ||    13
Dodge: Dodged            ||    51

Table legend:
 A = Spawn XP
 B = Non-spawn XP
 C = Spawn XP percentage of total XP
 D = Spawn monster count
 E = Non-spawn monster count
 F = Spawn count percentage of total count
 G = Total turns spent on level
                    A         B        C        D         E        F      G
               +---------+---------+-------+---------+---------+-------+---------
         Total |       0 |      65 |   0.0 |       0 |      24 |   0.0 |  1063
               +---------+---------+-------+---------+---------+-------+---------
           D:1 |       0 |      26 |   0.0 |       0 |      16 |   0.0 |   847
           D:2 |       0 |      31 |   0.0 |       0 |       4 |   0.0 |   119
           D:3 |       0 |       7 |   0.0 |       0 |       3 |   0.0 |    50
           D:4 |       0 |       1 |   0.0 |       0 |       1 |   0.0 |    47
               +---------+---------+-------+---------+---------+-------+---------
